 Dungeon Crawl Stone Soup version 0.28.0-47-ge53b351184 (webtiles) character file.

Game seed: 3124000489448843899

16830 enile the Geomancer (level 12, 0/81 HPs)
             Began as a Gargoyle Earth Elementalist on May 2, 2022.
             Was a Believer of Ashenzari.
             Slain by Urug
             ... wielding a +1 demon trident
              (19 damage)
             ... on level 1 of the Lair of Beasts.
             The game lasted 00:28:01 (16936 turns).

enile the Geomancer (Gargoyle Earth Elementalist)  Turns: 16936, Time: 00:28:01

Health: 0/81       AC: 11    Str: 18    XL:     12   Next: 41%
Magic:  25/33      EV: 14    Int: 21    God:    Ashenzari [**....]
Gold:   695        SH:  0    Dex: 10    Spells: 12/27 levels left

rFire   + . .      SeeInvis +   s - staff of earth (curse) {Elem, Self}
rCold   . . .      Faith    .   C - orb {mayhem}
rNeg    + + +      Spirit   .   G - +1 robe "Share My Pantheism" {rF+ rCorr, Evo, Self} (curse)
rPois   ∞          Reflect  .   (no helmet)
rElec   +          Harm     .   (no cloak)
rCorr   +          Rampage  .   (no gloves)
Will    .....                   (no boots)
Stlth   +++.......              M - amulet of Xom's Entertainment {RegenMP Drain rElec rN++ rCorr}
HPRegen 0.23/turn               r - ring of Ashenzari's Orthodoxy {MP+9, Elem, Cun} (curse)
MPRegen 0.63/turn               A - +6 ring of strength

@: marked, studying Bows, invisible
A: sickness immunity, AC +8, negative energy resistance 1, electricity
resistance, torment resistance 1, petrification resistance
a: Renounce Religion, Curse Item, Shatter the Chains


You were on level 1 of the Lair of Beasts.
You worshipped Ashenzari.
Ashenzari was pleased with you.
You visited 2 branches of the dungeon, and saw 13 of its levels.
You also visited: Bailey.

You collected 695 gold pieces.

Inventory:

Hand Weapons
 h - a +1 dire flail of protection
Missiles
 q - 324 stones
 J - 2 throwing nets (quivered)
Armour
 b - a +0 robe
 C - an orb of mayhem (worn)
 G - the cursed +1 robe "Share My Pantheism" (worn) {rF+ rCorr, Evo, Self}
   (You found it on level 9 of the Dungeon)

   rF:        It protects you from fire.
   rCorr:     It protects you from acid and corrosion.
   It has a curse which improves the following skills: Evocations: Evocations.
   Introspection: Fighting and Spellcasting.
 L - a +2 plate armour of willpower
Magical Staves
 s - a cursed staff of earth (weapon) {Elem, Self}
Jewellery
 r - the cursed ring of Ashenzari's Orthodoxy (left hand) {MP+9, Elem, Cun}
   (You found it on level 3 of the Dungeon)

   [ring of magical power]

   MP:        It affects your magic capacity (+9).
   It has a curse which improves the following skills: Elements: Fire Magic, Ice
   Magic, Air Magic and Earth Magic.
   Cunning:   Dodging and Stealth.
 y - an amulet of guardian spirit
 z - an amulet of faith
 A - a +6 ring of strength (right hand)
 M - the amulet of Xom's Entertainment (around neck) {RegenMP Drain rElec rN++ rCorr}
   (You acquired it on level 10 of the Dungeon)

   [amulet of magic regeneration]

   It increases your rate of magic regeneration.
   rElec:     It insulates you from electricity.
   rN:        It greatly protects you from negative energy.
   rCorr:     It protects you from acid and corrosion.
   Drain:     It drains your maximum health when unequipped.
 N - a ring of flight
Wands
 t - a wand of iceblast (21)
 B - a wand of flame (42)
 F - a wand of polymorph (6)
 H - a wand of mindburst (11)
 I - a wand of acid (3)
 O - a wand of paralysis (6)
Scrolls
 e - a scroll of amnesia
 j - 3 scrolls of enchant weapon
 l - a scroll of noise
 m - 4 scrolls of fog
 o - 9 scrolls of identify
 w - 2 scrolls of immolation
 x - 5 scrolls of teleportation
 D - 4 scrolls of blinking
 E - a scroll of silence
 K - a scroll of summoning
Potions
 a - 3 potions of haste
 c - a potion of flight
 d - 4 potions of degeneration
 f - 3 potions of heal wounds
 g - 3 potions of ambrosia
 i - 2 potions of might
 k - 5 potions of brilliance
 n - a potion of invisibility
 p - 3 potions of curing
 u - 4 potions of resistance
 v - 4 potions of lignification


   Skills:
 - Level 10.1(12.0) Fighting
 - Level 3.0 Staves
 - Level 6.7(8.0) Dodging
 - Level 4.8(6.0) Stealth
 - Level 6.2(8.1) Spellcasting
 - Level 5.0 Conjurations
 - Level 4.0 Translocations
 - Level 0.7 Transmutations
 + Level 12.1(13.9) Earth Magic
 - Level 6.7(8.0) Evocations


You had 12 spell levels left.
You knew the following spells:

 Your Spells              Type           Power      Damage    Failure   Level
a - Sandblast             Erth           100%       2d20      1%          1
b - Passwall              Tmut/Erth      46%        N/A       1%          2
c - Petrify               Tmut/Erth      56%        N/A       3%          4
d - Stone Arrow           Conj/Erth      100%       3d13      1%          3
e - Blink                 Tloc           50%        N/A       2%          2
f - Teleport Other        Tloc           25%        N/A       4%          3

Your spell library contained the following spells:

 Spells                   Type           Power      Damage    Failure   Level
 Gell's Gravitas          Tloc           25%        N/A       4%          3
 Lesser Beckoning         Tloc           25%        N/A       4%          3
 Confusing Touch          Hex            8%         N/A       24%         3
 Summon Guardian Golem    Hex/Summ       8%         N/A       24%         3
 Manifold Assault         Tloc           25%        N/A       38%         5
 Yara's Violent Unravell  Hex/Tmut       5%         3d4       88%         5
 Enfeeble                 Hex            4%         N/A       100%        7
 Orb of Destruction       Conj           14%        9d7       100%        7
 Spellforged Servitor     Conj/Summ      9%         N/A       100%        7


Dungeon Overview and Level Annotations

Branches:
Dungeon (12/15)            Temple (0/1) D:5            Lair (1/6) D:9
    Orc (0/2) D:10         Bailey (visited)

Altars:
Ashenzari
Dithmenos

Annotations:
D:11 2 transporters, attentat's ghost, journeyman DsNe
Lair:1 Urug


Innate Abilities, Weirdness & Mutations

You are immune to sickness and miasma.
Your stone body is resilient. (AC +8)
You are immune to poison.
You resist negative energy. (rN+)
You are resistant to electric shocks. (rElec)
You are resistant to unholy torment.
You are immune to petrification.


Message History

Press: ? - help, Shift-Dir - straight line, f/p - komodo dragon
Aim: a komodo dragon (severely wounded, 84% to hit)
You feel a surge of power!
The stone arrow hits the komodo dragon!!
You kill the komodo dragon!
Casting: Stone Arrow (safe; 1% risk of failure)
Confirm with . or Enter, or press ? or * to list all spells.
Aiming: Sandblast (safe; 1% risk of failure)
Press: ? - help, Shift-Dir - straight line, f - Urug
Aim: Urug, wielding a +1 demon trident, wearing a +0 chain mail and quivering javelins (82% to hit)
You feel a surge of power!
The blast of sand hits Urug!
Urug is lightly wounded.
q - 324 stones Urug screams, "Payback for my eye!"
Urug throws a javelin.
The javelin pierces through you!
A cane toad comes into view.
Urug throws a javelin.
The javelin pierces through you!
The cane toad sets off the alarm!
The alarm trap emits a blaring wail!
A sentinel's mark forms upon you.
You hear an angry hiss.
You hear a croak. x3; You hear an angry hiss. x3
You hear a loud, deep croak!
You hear an angry hiss.
You hear a loud, deep croak!
You hear a roar!
You hear a bellow!
You hear an angry growl.
You hear a loud, deep croak!
You hear a croak.
You hear a bellow!
You hear a croak.
You hear a howl!
You hear a bellow! x2
You hear a howl!
You hear a bellow!
You hear a howl!
Okay, then.
You fade into invisibility!
Urug throws a javelin.
The javelin pierces through you! Urug hits you with a +1 demon trident!
A bullfrog comes into view.
The cane toad stings you!
* * * LOW HITPOINT WARNING * * *
Urug hits you with a +1 demon trident!!
* * * LOW HITPOINT WARNING * * *
A catoblepas comes into view.
You feel much better. The water moccasin bites you.
* * * LOW HITPOINT WARNING * * *
Urug hits you with a +1 demon trident!!
You die...

#S...#..# , * #...≈
,#.≈≈.#..# ** #.≈≈. *
,#...o#..# ≈ ,#≈...
#.^.≈#..Y ,, , #≈...
, #.≈≈.#..# ,* ,
#.≈≈. * #≈...#..## ,
* #...† * *
#...≈##..# ,##≈... ,
##.≈.oF#..# * ##..≈.#
* ##.)S@##....
##....## *
###..≈###.^###≈..####
*###...####...#####.
, ,, ,
###......###..... ,,
,,, *##########.....
, , #..#### * , ,,,,,
,, #...## , * ,* ,
####..# * * ,* *
...#..#.##


You could see a catoblepas, Urug, a cane toad and a water moccasin.

Vanquished Creatures
  3 two-headed ogres
  Pikel (D:6)
  3 ugly things
  Joseph (D:7)
  2 gargoyles (D:11)
  2 cane toads (Lair:1)
  An efreet (D:8)
  A kobold demonologist (Bailey)
  3 komodo dragons
  2 trolls
  2 meliai zombies
  2 shadows
  10 yaks
  A vampire (D:10)
  2 wyverns (D:9)
  A steam dragon (D:7)
  A basilisk (D:9)
  2 acid dragons
  Edmund (D:4)
  5 water moccasins
  12 orc warriors
  A sky beast (D:7)
  A necrophage (D:4)
  3 ice beasts
  7 black bears
  An ogre (D:4)
  A wolf (D:8)
  3 centaurs
  2 lemures (D:6)
  A kobold brigand (D:8)
  2 bullfrogs
  2 scorpions
  2 water moccasin skeletons
  A water moccasin zombie (D:5)
  10 killer bees
  2 electric eels (Bailey)
  8 howler monkeys
  2 jellies (D:4)
  8 centaur zombies
  A bullfrog zombie (D:5)
  2 orc priests
  2 hounds
  4 centaur skeletons
  3 iguanas
  4 orc wizards
  2 killer bee zombies
  A howler monkey zombie (D:9)
  4 adders
  7 gnolls
  A shadow imp (D:6)
  A white imp (D:7)
  An adder skeleton (D:4)
  3 worms
  3 dart slugs (D:1)
  21 orcs
  10 ball pythons
  10 endoplasms
  4 giant cockroaches
  17 hobgoblins
  6 quokkas
  7 bats
  4 frilled lizards
  16 goblins
  7 kobolds
  4 rats
260 creatures vanquished.

Vanquished Creatures (collateral kills)
  A kobold demonologist (Bailey)
  A yak (D:9)
  An orc warrior (Bailey)
  A black bear (D:9)
  A gnoll sergeant (D:9)
  5 killer bees
  2 gnolls
  2 orcs
  A goblin (Bailey)
  A hobgoblin (Bailey)
  3 kobolds (D:8)
19 creatures vanquished.

Vanquished Creatures (others)
  An orc warrior (Bailey)
  3 orcs
  A fungus (D:9)
  9 plants (D:9)
14 creatures vanquished.

Grand Total: 293 creatures vanquished

Notes
Turn   | Place    | Note
-------+----------+-------------------------------------------
     0 | D:1      | enile the Gargoyle Earth Elementalist began the quest for
                  | the Orb.
     0 | D:1      | Reached XP level 1. HP: 10/10 MP: 3/3
   114 | D:1      | Reached skill level 4 in Earth Magic
   129 | D:1      | Reached XP level 2. HP: 15/15 MP: 1/5
   527 | D:1      | Reached XP level 3. HP: 19/19 MP: 3/6
   574 | D:1      | Reached skill level 5 in Earth Magic
   672 | D:1      | Found a faded altar of an unknown god.
   760 | D:1      | Prayed at the altar of an unknown god.
   760 | D:1      | Became a worshipper of Ashenzari the Shackled
   807 | D:1      | Reached skill level 1 in Fighting
  1546 | D:2      | Reached XP level 4. HP: 22/28 MP: 5/7
  2605 | D:3      | Learned a level 2 spell: Passwall
  2610 | D:3      | Learned a level 4 spell: Petrify
  2639 | D:3      | Reached XP level 5. HP: 19/32 MP: 8/10
  2644 | D:3      | Learned a level 3 spell: Stone Arrow
  3271 | D:4      | Noticed an ogre
  3366 | D:4      | Killed an ogre
  3650 | D:4      | Reached XP level 6. HP: 27/38 MP: 5/12
  3927 | D:4      | Reached * piety under Ashenzari
  3927 | D:4      | Identified a scroll of acquirement
  3931 | D:4      | Acquired a staff of earth
  4025 | D:4      | Noticed Edmund
  4212 | D:4      | Noticed a black bear
  4216 | D:4      | Killed a black bear
  4233 | D:4      | Killed Edmund
  4234 | D:4      | Reached skill level 5 in Fighting
  4234 | D:4      | Reached XP level 7. HP: 44/44 MP: 9/14
  4355 | D:4      | Reached skill level 5 in Spellcasting
  4664 | D:4      | Reached skill level 6 in Earth Magic
  4887 | D:5      | Entered Level 5 of the Dungeon
  5004 | D:5      | Reached XP level 8. HP: 47/49 MP: 14/15
  5355 | D:5      | Found a staircase to the Ecumenical Temple.
  6821 | D:5      | Identified the +5 hunting sling of Maqud {flame, rC+}
  6852 | D:6      | Learned a level 2 spell: Blink
  6868 | D:6      | Reached skill level 1 in Evocations
  7350 | D:6      | Noticed a yak
  7350 | D:6      | Noticed a yak
  7351 | D:6      | Noticed a yak
  7352 | D:6      | Noticed a yak
  7352 | D:6      | Noticed a yak
  7497 | D:7      | Noticed Joseph
  7812 | D:6      | Reached XP level 9. HP: 57/57 MP: 16/16
  7844 | D:6      | Noticed Pikel
  7911 | D:6      | Killed Pikel
  7912 | D:6      | Reached skill level 5 in Evocations
  8168 | D:6      | Reached skill level 1 in Translocations
  8887 | D:7      | Reached XP level 10. HP: 50/63 MP: 14/19
  8893 | D:7      | Reached skill level 7 in Earth Magic
  9069 | D:7      | Reached skill level 8 in Earth Magic
  9363 | D:7      | Found a shadowy altar of Dithmenos.
  9392 | D:7      | Noticed a two-headed ogre
  9400 | D:7      | Killed a two-headed ogre
  9553 | D:7      | Killed Joseph
  9554 | D:7      | Reached skill level 5 in Dodging
 10930 | D:9      | Learned a level 3 spell: Teleport Other
 11070 | D:9      | Identified the +1 robe of Catatonia {rF+ rCorr}
 11144 | D:10     | Entered Level 10 of the Dungeon
 11234 | D:9      | Found a staircase to the Lair.
 11300 | D:9      | Reached XP level 11. HP: 59/73 MP: 4/21
 11384 | D:9      | Found a flagged portal.
 11394 | Bailey   | Entered a bailey
 11534 | Bailey   | Reached skill level 10 in Fighting
 12001 | Bailey   | Noticed a sun demon
 12282 | Bailey   | Found an iron altar of Okawaru.
 12880 | D:9      | Reached ** piety under Ashenzari
 13451 | D:9      | Noticed a two-headed ogre
 13457 | D:9      | Killed a two-headed ogre
 13715 | D:10     | Acquired the amulet of Xom's Entertainment {RegenMP Drain
                  | rElec rN++ rCorr}
 14225 | D:10     | Noticed a purple ugly thing
 14239 | D:10     | Noticed a brown ugly thing
 14246 | D:10     | Killed a purple ugly thing
 14551 | D:10     | Reached skill level 5 in Conjurations
 14628 | D:10     | Found a staircase to the Orcish Mines.
 14736 | D:10     | Killed a brown ugly thing
 14737 | D:10     | Reached skill level 9 in Earth Magic
 15066 | D:11     | Reached skill level 10 in Earth Magic
 15066 | D:11     | Reached XP level 12. HP: 81/81 MP: 24/24
 15194 | D:11     | Found a transporter.
 15229 | D:11     | Reached skill level 1 in Staves
 15431 | D:11     | Noticed a two-headed ogre
 15442 | D:11     | Killed a two-headed ogre
 15935 | D:11     | Reached skill level 11 in Earth Magic
 16494 | D:11     | Found a transporter.
 16598 | D:11     | Noticed attentat's ghost (journeyman DsNe)
 16692 | D:12     | Noticed a two-headed ogre
 16757 | Lair:1   | Entered Level 1 of the Lair of Beasts
 16794 | Lair:1   | Reached skill level 12 in Earth Magic
 16918 | Lair:1   | Noticed Urug
 16935 | Lair:1   | HP: 4/81 [Urug/+1 demon trident (19)]
 16935 | Lair:1   | Noticed a catoblepas
 16936 | Lair:1   | Slain by Urug

Illustrated notes

Levels and vault maps discovered:
D:1:      dpeg_arrival_radiant, layout_rooms, shapermc_ecumenical_altar_pompeii
D:2:      layout_basic
D:3:      layout_rooms
D:4:      layout_basic, chequers_jeans, uniq_edmund
D:5:      layout_layer_cave, minmay_temple_entry_tees
D:6:      layout_rooms, uniq_pikel
D:7:      layout_gridville, grunt_dithmenos_smoke, minmay_manual_mess,
          uniq_joseph
D:8:      layout_layer_cave, minmay_misc_feat_enclosed
D:9:      layout_long_grid, minmay_lair_entry_grove, enter_bailey_3
D:10:     minmay_distorted_concentric_squares, layout_loops_cross, minmay_holes
D:11:     layout_layer_cave, gammafunk_ghost_hive
D:12:     layout_long_grid, special_room [special_room_bee], serial_glass,
          glass_columns_c, glass_columns_c, glass_columns_c, glass_columns_c,
          gammafunk_ghost_hydra_chop
Lair:1:   layout_loops_ring, nzn_random_ring, lemuel_fruit_tree, uniq_urug

Skill      XL: |  1  2  3  4  5  6  7  8  9 10 11 12 |
---------------+-------------------------------------+-----
Earth Magic    | 4 5 6 8 10 12 | 12.1
Fighting       | 2 3 5 7 9 10 | 10.1
Spellcasting   | 3 4 5 6 |  6.2
Stealth        | 3 4 |  4.8
Evocations     | 4 5 6 |  6.7
Conjurations   | 3 5 |  5.0
Translocations | 4 |  4.0
Dodging        | 3 5 6 |  6.7
Staves         | 3 |  3.0
Transmutations | |  0.7

Action                   |  1- 3 |  4- 6 |  7- 9 | 10-12 || total
-------------------------+-------+-------+-------+-------++-------
Melee: Unarmed           |    17 |       |       |       ||    17
       Dagger            |    54 |   143 |       |       ||   197
       Punch             |       |     2 |     1 |       ||     3
       Staff             |       |    11 |    27 |    31 ||    69
Throw: Throwing net      |       |       |       |     1 ||     1
 Cast: Sandblast         |    54 |    14 |    27 |    46 ||   141
       Stone Arrow       |       |    21 |    78 |   233 ||   332
       Blink             |       |       |       |     5 ||     5
       Teleport Other    |       |       |       |     4 ||     4
       Petrify           |       |       |       |     2 ||     2
Invok: Curse Item        |     1 |     1 |       |     2 ||     4
       Shatter the Chain |       |     1 |       |       ||     1
Evoke: Wand              |       |       |       |     1 ||     1
  Use: Scroll            |       |     3 |       |     1 ||     4
       Potion            |       |       |     1 |     4 ||     5
 Stab: Sleeping          |       |     1 |       |       ||     1
Armor: Robe              |    44 |    82 |    31 |    52 ||   209
Dodge: Dodged            |    69 |   131 |    44 |   115 ||   359
